 Dungeon Crawl Stone Soup version 0.23.0-42-geed6394 (webtiles) character file.

Game seed: 0

6461 Lanoc the Slinger (level 11, -8/66 HPs)
             Began as a Halfling Hunter on Feb 28, 2019.
             Was an Elder of Ru.
             Killed from afar by a hellion (22 damage)
             ... with damnation
             ... on level 1 of the Abyss.
             The game lasted 00:31:19 (9013 turns).

Lanoc the Slinger (Halfling Hunter)                 Turns: 9013, Time: 00:31:20

Health: -8/66      AC: 13    Str: 13    XL:     11   Next: 19%
Magic:  8/11       EV: 17    Int:  9    God:    Ru [****..]
Gold:   470        SH: 12    Dex: 19    Spells: 10/10 levels left

rFire    + + .     SeeInvis .   a - +2 hunting sling
rCold    + . .     Gourm    .   x - +2 buckler
rNeg     . . .     Faith    .   B - +2 scale mail {rF+}
rPois    .         Spirit   .   (no helmet)
rElec    .         Reflect  +   h - +2 cloak {+Inv}
rCorr    .         Harm     .   (no gloves)
MR       .....                  (no boots)
Stlth    +.........             e - +4 amulet of reflection
HPRegen  0.21/turn              n - ring of protection from fire
MPRegen  0.12/turn              F - ring of protection from cold

@: exhausted, flying
A: small, frail 1, mutation resistance 1, wild magic 1, inability to use devices
a: Draw Out Power, Power Leap, Renounce Religion


You were on level 1 of the Abyss.
You worshipped Ru.
Ru was greatly pleased with you.
You were very hungry.

You visited 2 branches of the dungeon, and saw 10 of its levels.
You visited the Abyss 1 time.

You collected 470 gold pieces.

Inventory:

Hand Weapons
 a - a +2 hunting sling (weapon)
 b - a +0 short sword
Missiles
 d - 23 sling bullets
 g - 87 stones (quivered)
Armour
 h - a +2 cloak of invisibility (worn)
 x - a +2 buckler (worn)
 B - a +2 scale mail of fire resistance (worn)
Jewellery
 e - a +4 amulet of reflection (around neck)
 n - a ring of protection from fire (left hand)
 F - a ring of protection from cold (right hand)
Scrolls
 c - a scroll of blinking
 m - 6 scrolls of identify
 p - 2 scrolls of amnesia
 u - 3 scrolls of remove curse
 v - 5 scrolls of magic mapping
 y - a scroll of immolation {unknown}
 z - a scroll of enchant armour {unknown}
 A - a scroll of fog {unknown}
 E - a scroll of fear
Potions
 i - a potion of degeneration {unknown}
 k - 2 potions of lignification
 l - 4 potions of curing
 o - a potion of flight
 q - a potion of mutation {unknown}
 r - a potion of might {unknown}
 s - a potion of invisibility {unknown}
 t - a potion of brilliance
 w - a potion of resistance {unknown}
 C - a potion of agility {unknown}
 G - a potion of magic {unknown}
Comestibles
 f - 14 rations


   Skills:
 + Level 6.7 Fighting
 * Level 14.5 Slings
 + Level 7.6 Armour
 + Level 8.0 Dodging
 - Level 1.1 Stealth
 + Level 4.2 Shields


You had 10 spell levels left.
You didn't know any spells.
Your spell library contained the following spells:

 Spells                   Type           Power        Failure   Level  Hunger
 Confusing Touch          Hex            #.....       91%         1    ##.....
 Confuse                  Hex            #.......     99%         3    ####...
 Gell's Gravitas          Tloc           #.........   99%         3    ####...
 Petrify                  Tmut/Erth      #.......     100%        4    #####..
 Metabolic Englaciation   Hex/Ice        #.........   100%        5    ######.
 Yara's Violent Unravell  Hex/Tmut       #.........   100%        5    ######.


Dungeon Overview and Level Annotations

Branches:
Dungeon (9/15)             Temple (1/1) D:6            Lair (0/6) D:8
    Orc: D:9-12

Altars:
Ashenzari
Cheibriados
Dithmenos
Elyvilon
Fedhas
Gozag
Hepliaklqana
Kikubaaqudgha
Makhleb
Nemelex Xobeh
Okawaru
Qazlal
Ru
Sif Muna
Trog
Uskayaw
Vehumet
Wu Jian
Xom
Yredelemnul
Zin

Shops:
D:6 [

Annotations:
D:5 1 runed translucent door
D:6 2 transporters, Hasart's ghost, novice DEEE
D:9 Psyche


Innate Abilities, Weirdness & Mutations

You are small and have problems with some larger weapons.
You are frail. (-10% HP)
You are somewhat resistant to further mutation.
You cannot study or use magical devices.
Your spells are a little harder to cast, but a little more powerful.


Message History

Aim: a hellion (lightly wounded, slow)
You shoot a stone.
The stone completely misses the hellion.
Firing (i - inventory. (/) - cycle)
g - 88 stones (quivered)
Press: ? - help, Shift-Dir - straight line, f/p - hellion
Aim: a hellion (lightly wounded, slow)
You shoot a stone. The stone hits the hellion.
The hellion is moderately wounded.
The hellion gestures at you.
The sphere of damnation explodes!
The damnation engulfs you!!
* * * LOW HITPOINT WARNING * * *
The damnation engulfs the hellion.
The hellion completely resists.
You hear a roar!
You feel better.
It was a potion of flight.
You feel very buoyant.
You fly up into the air.
The hellion gestures at you.
The sphere of damnation explodes!
The damnation engulfs you!!
You die...

. . . # # # # # .
# . . ###### ...
.#. . . ##.....#
.. ###..#.( # #
..#..##...###.(#
.....##. #@2(.(((#
...........##.#..#
##..###....#. ##.
. .# # #.#.....((#
. .. ##.....#(#..
# .
.#(......(##....
#.####....# ..#. .
##..## ###. ...#


You could see a hellion.

Vanquished Creatures
  2 two-headed ogres
  The ghost of XSreality the Cleaver, a novice HOFi (D:5)
  A rust devil (Abyss:1)
  Prince Ribbit (D:8)
  5 yaks (D:8)
  A wraith (Abyss:1)
  A basilisk (D:8)
  A small abomination (Abyss:1)
  A hungry ghost (D:8)
  Edmund (D:5)
  2 ice beasts
  3 porcupines (D:8)
  A sky beast (D:6)
  A phantom (D:4)
  2 ogres
  2 centaurs
  2 crocodiles
  3 bullfrogs
  A gnoll sergeant (D:5)
  2 scorpions
  3 wights (D:7)
  4 howler monkeys
  3 crimson imps
  2 quasits
  5 hounds
  3 orc priests
  6 orc wizards
  A bullfrog skeleton (D:7)
  3 jellies
  Jessica (D:2)
  An iguana (D:7)
  4 worker ants
  3 hound zombies
  A hound skeleton (D:4)
  9 gnolls
  9 adders
  A river rat (D:5)
  A shadow imp (D:5)
  A white imp (Abyss:1)
  An ooze (D:6)
  An adder zombie (D:5)
  2 adder skeletons
  A worm (D:3)
  7 dart slugs
  7 leopard geckos
  18 orcs
  5 ball pythons
  9 bats
  4 giant cockroaches
  8 goblins
  5 hobgoblins
  8 jackals (D:3)
  4 kobolds
  4 quokkas
  6 frilled lizards
  A quokka zombie (D:8)
  8 rats
194 creatures vanquished.

Vanquished Creatures (others)
  A neqoxec (Abyss:1)
  A bush (D:8)
  A fungus (D:4)
  6 plants (D:8)
  4 starspawn tentacles (Abyss:1)
13 creatures vanquished.

Grand Total: 207 creatures vanquished

Notes
Turn   | Place    | Note
-------+----------+-------------------------------------------
     0 | D:1      | Lanoc the Halfling Hunter began the quest for the Orb.
     0 | D:1      | Reached XP level 1. HP: 14/14 MP: 1/1
    67 | D:1      | Reached skill level 6 in Slings
    93 | D:1      | Reached XP level 2. HP: 17/19 MP: 2/2
   343 | D:1      | Reached skill level 1 in Armour
   343 | D:1      | Reached XP level 3. HP: 24/24 MP: 3/3
   786 | D:2      | Reached XP level 4. HP: 28/29 MP: 4/4
   839 | D:2      | Noticed Jessica
   842 | D:2      | Killed Jessica
  1117 | D:3      | Reached skill level 7 in Slings
  1117 | D:3      | Reached XP level 5. HP: 35/35 MP: 5/5
  1171 | D:3      | Found a bloodstained altar of Trog.
  1527 | D:3      | Found a sacrificial altar of Ru.
  1853 | D:3      | Reached XP level 6. HP: 34/41 MP: 6/6
  1882 | D:3      | Became a worshipper of Ru the Awakened
  2232 | D:4      | Found an ancient bone altar of Kikubaaqudgha.
  2291 | D:4      | Reached skill level 8 in Slings
  2432 | D:4      | Found a snail-covered altar of Cheibriados.
  2684 | D:4      | Noticed a phantom
  2697 | D:4      | Reached XP level 7. HP: 43/46 MP: 7/7
  2742 | D:4      | HP: 1/46 [phantom (7)]
  3066 | D:4      | Found a white marble altar of Elyvilon.
  3166 | D:4      | Reached skill level 9 in Slings
  3271 | D:5      | Entered Level 5 of the Dungeon
  3288 | D:5      | You fall through a shaft for 3 floors!
  3310 | D:8      | Noticed a hungry ghost
  3334 | D:8      | Killed a hungry ghost
  3334 | D:8      | Reached XP level 8. HP: 45/54 MP: 8/8
  3444 | D:8      | Noticed Prince Ribbit
  3459 | D:8      | Killed Prince Ribbit
  3459 | D:8      | Reached skill level 10 in Slings
  3584 | D:8      | Gained mutation: You cannot study or use magical devices.
                  | [Ru sacrifice]
  3584 | D:8      | Reached * piety under Ru
  3584 | D:8      | Reached ** piety under Ru
  3592 | D:8      | Reached skill level 5 in Dodging
  3594 | D:8      | Noticed a yak
  3594 | D:8      | Noticed a yak
  3609 | D:8      | Killed a yak
  3611 | D:8      | Noticed a yak
  4284 | D:7      | Reached XP level 9. HP: 59/59 MP: 9/9
  4303 | D:7      | Reached skill level 11 in Slings
  4359 | D:7      | Reached skill level 5 in Armour
  4953 | D:6      | Found a stormy altar of Qazlal.
  4999 | D:6      | Found a staircase to the Ecumenical Temple.
  5005 | Temple   | Entered the Ecumenical Temple
  5064 | D:6      | Reached skill level 5 in Fighting
  5180 | D:6      | Found a transporter.
  5186 | D:6      | Noticed Hasart's ghost (novice DEEE)
  5192 | D:6      | Found a transporter.
  5242 | D:6      | Found an ornate altar of the Wu Jian Council.
  5386 | D:6      | Found a deep blue altar of Sif Muna.
  5404 | D:6      | Found Biul's Antique Armour Shoppe.
  5420 | D:6      | Found an opulent altar of Gozag.
  5469 | D:6      | Found an iron altar of Okawaru.
  5636 | D:5      | Found a runed translucent door.
  5639 | D:5      | Noticed XSreality's ghost (novice HOFi)
  5766 | D:5      | Reached skill level 12 in Slings
  6123 | D:5      | Noticed Edmund
  6176 | D:5      | Killed Edmund
  6201 | D:5      | Found a runed translucent door.
  6213 | D:5      | Gained mutation: You are frail. (-10% HP) [Ru sacrifice]
  6213 | D:5      | Reached *** piety under Ru
  6213 | D:5      | Reached **** piety under Ru
  6841 | D:5      | Killed XSreality's ghost
  6841 | D:5      | Reached skill level 1 in Shields
  6841 | D:5      | Reached XP level 10. HP: 24/61 MP: 5/10
  7214 | D:5      | Reached skill level 13 in Slings
  7963 | D:8      | Found a staircase to the Lair.
  8268 | D:9      | Noticed a two-headed ogre
  8316 | D:8      | Killed a two-headed ogre
  8384 | D:9      | Reached skill level 14 in Slings
  8491 | D:9      | Noticed a two-headed ogre
  8519 | D:9      | Killed a two-headed ogre
  8519 | D:9      | Reached XP level 11. HP: 33/66 MP: 11/11
  8715 | D:9      | Noticed Psyche
  8728 | D:9      | Cast into level 1 of the Abyss (Psyche)
  8855 | Abyss:1  | Noticed a tentacled starspawn
  8961 | Abyss:1  | Gained mutation: Your spells are a little harder to cast,
                  | but a little more powerful. [a neqoxec]
  8997 | Abyss:1  | Noticed a thrashing horror
  9013 | Abyss:1  | Killed from afar by a hellion

Skill      XL: |  1  2  3  4  5  6  7  8  9 10 11 |
---------------+----------------------------------+-----
Slings         | 6 7 8 9 10 12 14 | 14.5
Fighting       | 2 3 4 5 6 |  6.7
Armour         | 1 2 3 4 6 7 |  7.6
Dodging        | 3 4 5 6 7 8 |  8.0
Shields        | 1 3 4 |  4.2
Stealth        | |  1.1

Action                   |  1- 3 |  4- 6 |  7- 9 | 10-12 || total
-------------------------+-------+-------+-------+-------++-------
Melee: Short sword       |       |       |     7 |       ||     7
 Fire: Hunting sling     |    95 |   232 |   583 |   315 ||  1225
Invok: Sacrifice Artific |       |       |     1 |       ||     1
       Power Leap        |       |       |     2 |     3 ||     5
       Sacrifice Health  |       |       |     1 |       ||     1
  Use: Scroll            |       |     5 |     4 |     1 ||    10
       Potion            |       |       |     4 |     2 ||     6
  Eat: Chunk             |       |     4 |    12 |     6 ||    22
       Ration            |       |       |     1 |       ||     1
Armor: Leather armour    |     3 |    15 |    25 |       ||    43
       Scale mail        |       |       |    15 |    13 ||    28
       Skin              |       |       |     4 |       ||     4
Dodge: Dodged            |    13 |    55 |   150 |    43 ||   261
Block: Other             |     2 |    12 |    33 |       ||    47
       Reflection        |     1 |       |     1 |     3 ||     5
       Buckler           |       |       |    18 |    68 ||    86
